 Dungeon Sprint DCSS version 0.28.0-53-g5a82cb258f (webtiles) character file.

Game seed: 5801572196210536750

34 Groucho the Skirmisher (level 3, -15/54 HPs)
             Began as a Naga Fighter on July 19, 2022.
             Demolished by a flayed ghost (25 damage)
             ... in the Dungeon (Sprint VII: "The Pits").
             The game lasted 00:00:31 (44 turns).

Groucho the Skirmisher (Naga Fighter)                 Turns: 44, Time: 00:00:32

Health: -15/54     AC:  0    Str: 18    XL:     3   Next: 31%
Magic:  3/3        EV:  7    Int: 10    God:
Gold:   0          SH:  4    Dex: 10    Spells: 2/2 levels left

rFire   . . .      SeeInvis +   a - +0 war axe
rCold   . . .      Faith    .   c - +0 buckler
rNeg    . . .      Spirit   .   b - +0 scale mail
rPois   +          Reflect  .   (no helmet)
rElec   .          Harm     .   (no cloak)
rCorr   .          Rampage  .   (no gloves)
Will    .....      NoTele   +   (no barding)
Stlth   ..........              (no amulet)
HPRegen 0.18/turn               (no ring)
MPRegen 0.08/turn               (no ring)

@: mighty, berserking (expiring), flayed, corroded, hasted, quick
A: AC +1, large, see invisible, deformed body, poison resistance, slowness 2,
spit poison 1, naga tail 1
a: Spit Poison


You were in the Dungeon.
You visited 1 branch

Inventory:

Hand Weapons
 a - a +0 war axe (weapon)
Armour
 b - a +0 scale mail (worn)
 c - a +0 buckler (worn)
Scrolls
 j - a scroll of blinking
Potions
 f - a potion of heal wounds
 h - 2 potions of magic


   Skills:
 + Level 4.3 Fighting
 + Level 3.6 Axes
 + Level 3.5 Armour
 + Level 3.5 Shields


You had 2 spell levels left.
You didn't know any spells.
Your spell library was empty.

Dungeon Overview and Level Annotations

Branches:
Dungeon (1/1)

Altars:


Innate Abilities, Weirdness & Mutations

Your serpentine skin is tough. (AC +1)
You have supernaturally acute eyesight. (SInv)
Armour fits poorly on your strangely shaped body.
Your system is resistant to poisons. (rPois)
You cover ground very slowly.
You can spit poison.
You have a snake-like lower body.


Message History

Terrible wounds spread across more of your body!
You feel better.
A red film seems to cover your vision as you go berserk!
You feel yourself moving faster!
You feel mighty! The jelly hits you but does no damage.
You slash the jelly! The acid corrodes you!
Your hands burn!
The jelly is severely wounded.
You slash the flayed ghost!
The flayed ghost is moderately damaged.
You slash the jelly!
You kill the jelly!
You barely miss the flayed ghost. The flayed ghost hits you.
Your Fighting skill increases to level 4!
Your Axes skill increases to level 3!
Your Armour skill increases to level 3!
Your Shields skill increases to level 3!
You have reached level 2!
You have reached level 3!
Your experience leads to an increase in your attributes!
Increase (S)trength, (I)ntelligence, or (D)exterity?
You feel clever. x2; Your skin feels tougher.
Unknown command.
You barely miss the flayed ghost.
The flayed ghost is moderately damaged.
The flayed ghost hits you.
You closely miss the flayed ghost.
The flayed ghost is lightly damaged.
The flayed ghost completely misses you.
You barely miss the flayed ghost.
The flayed ghost is lightly damaged.
The flayed ghost hits you!!
* * * LOW HITPOINT WARNING * * *
You are too injured to fight recklessly!
You are too injured to fight recklessly!
You barely miss the flayed ghost.
The flayed ghost is lightly damaged.
The flayed ghost barely misses you.
You hit the flayed ghost.
The flayed ghost is moderately damaged.
The flayed ghost hits you!!
You die...

##########++######
#................#
#......#..#......#
#................+
+................+
#......#..#......#
#.......@W.......#
####'#####''######
#.......##''#
#.......##..#
#.......##..#
#...<...##..# #
#.......##..# .###
#.......##..#....##
#.......##.....J..#


You could see a flayed ghost.

Vanquished Creatures
  A jelly (D)
1 creature vanquished.

Notes
Turn   | Place    | Note
-------+----------+-------------------------------------------
     0 | D        | Groucho the Naga Fighter began the quest for the Orb.
     0 | D        | Reached XP level 1. HP: 21/21 MP: 1/1
    21 | D        | Noticed a jelly
    21 | D        | Noticed a flayed ghost
    39 | D        | Killed a jelly
    40 | D        | Reached skill level 4 in Fighting
    40 | D        | Reached XP level 2. HP: 26/30 MP: 2/2
    40 | D        | Reached XP level 3. HP: 32/36 MP: 3/3
    44 | D        | Demolished by a flayed ghost

Illustrated notes

Levels and vault maps discovered:
D:        pitsprint [storerooms_1, entrance_room_1, metal_vault_1, armoury_1,
          mini_pit_1, grid_room_1, main_hall_1, silver_pit, the_coven_3,
          the_vestibule_1, steel_vault_1, golden_pit, hallway_of_sentries,
          crystal_vault_2, iron_vault_2, final_vault]

Skill      XL: |  1 |
---------------+----+-----
Fighting       | 4 |  4.3
Axes           | 3 |  3.6
Armour         | 3 |  3.5
Shields        | 3 |  3.5

Action                   || total
-------------------------++-------
Melee: War axe           ||     8
  Use: Potion            ||     4
Armor: Scale mail        ||     2
Dodge: Dodged            ||     2
